 Dungeon Crawl Stone Soup version 0.18.1-50-g88ac8fd (webtiles) character file.

219 go0n the Covert (level 5, -1/34 HPs)
             Began as an Octopode Assassin on Sept 16, 2016.
             Slain by an orc
             ... wielding a +0 short sword
              (3 damage)
             ... on level 4 of the Dungeon.
             The game lasted 00:16:51 (3660 turns).

go0n the Covert (Octopode Assassin)                 Turns: 3660, Time: 00:16:53

Health: -1/34      AC:  1    Str:  8    XL:     5   Next: 96%
Magic:  5/5        EV: 12    Int: 13    God:
Gold:   95         SH:  0    Dex: 15    Spells: 0 memorised, 4 levels left

rFire  . . .     SeeInvis +     a - +3 dagger
rCold  . . .     Gourm    .     (no shield)
rNeg   . . .     Faith    .     (helmet restricted)
rPois  .         Spirit   .     (no amulet)
rElec  +         Dismiss  .     e - ring of see invisible
rCorr  .         Reflect  .     q - ring of stealth
SustAt .         Harm     .     (no ring)
MR     .....                    (no ring)
Stlth  ++++++....               (no ring)
                                (no ring)
                                (no ring)
                                (no ring)

@: flying, not resistant to hostile enchantments, very stealthy
A: almost no armour, amphibious, 8 rings, constrict 8, camouflage 1, blurry
vision 1, electricity resistance, weak 1, gelatinous body 1
a: no special abilities


You were on level 4 of the Dungeon.
You were hungry.

You visited 1 branch of the dungeon, and saw 4 of its levels.

You collected 95 gold pieces.

Inventory:

Hand Weapons
 a - a +3 dagger (weapon)
 b - a +0 blowgun
Missiles
 c - 8 poisoned needles
 d - 2 curare-tipped needles
Jewellery
 e - a ring of see invisible (left tentacle)
 q - a ring of stealth (right tentacle)
Scrolls
 i - 7 scrolls of identify
 l - 6 scrolls of remove curse
 m - a scroll of random uselessness
 o - 2 scrolls of teleportation
Potions
 h - a potion of might
Comestibles
 f - 2 bread rations
 j - 4 meat rations
 p - a beef jerky
 s - a slice of pizza


   Skills:
 - Level 2.0 Fighting
 + Level 4.2 Short Blades
 - Level 2.0 Throwing
 - Level 1.0 Dodging
 + Level 8.1 Stealth


You had 4 spell levels left.
You didn't know any spells.

Dungeon Overview and Level Annotations

Branches:
Dungeon (4/15)
 Temple: D:4-7

Altars:
Kikubaaqudgha
Makhleb
Ru
Xom
Zin


Innate Abilities, Weirdness & Mutations

You cannot wear most types of armour.
You are amphibious.
You can wear up to eight rings at the same time.
You can use your tentacles to constrict eight enemies at once.
Your skin changes colour to match your surroundings (Stealth).
Your rubbery body absorbs attacks (AC +1).
Scrolls take you a little longer to read.
You are resistant to electric shocks.
You are weak. (Str -2)


Message History

* * * LOW HITPOINT WARNING * * *
The orc hits you but does no damage.
You feel sick.
Things that are here:
a falchion; an orc corpse
Items here: ( )) † a dagger; a stone; a flail; an orc corpse You feel sick.
Read which item? (? for menu, Esc to quit)
Really read with blurry vision while enemies are nearby? [Y]es or [N]o only, please.
Really read with blurry vision while enemies are nearby?
Uppercase [Y]es or [N]o only, please.
Really read with blurry vision while enemies are nearby?
The orc misses you.
You begin reading the scroll.
You continue reading the scroll.
You feel sick.
You are no longer poisoned.
The orc hits you with a short sword.
You die...

........
#####.#
#..g#.#
#.#o#.#
#.#g#Z#
#.#o(.#
#(###)#
#######.#...#
#...@oZog.###
#....#########
###


You could see an orc wizard, an orc, a hobgoblin and an adder skeleton.

Vanquished Creatures
  The ghost of Turgon the Shooter, a weakling HEHu (D:3)
  Natasha (twice) (D:2)
  5 adders
  An ooze (D:1)
  A worm (D:3)
  A dart slug (D:3)
  3 giant geckos
  4 orcs
  2 ball pythons
  7 bats
  2 giant cockroaches (D:1)
  7 goblins
  10 hobgoblins
  7 jackals
  9 kobolds
  2 quokkas
  A giant newt (D:2)
  6 rats
71 creatures vanquished.

Notes
Turn   | Place    | Note
--------------------------------------------------------------
     0 | D:1      | go0n the Octopode Assassin began the quest for the Orb.
     0 | D:1      | Reached XP level 1. HP: 14/14 MP: 1/1
   316 | D:1      | Reached XP level 2. HP: 19/19 MP: 2/2
   372 | D:1      | Reached skill level 6 in Stealth
   993 | D:2      | Reached XP level 3. HP: 21/24 MP: 3/3
  1260 | D:2      | Noticed Natasha
  1273 | D:2      | Killed Natasha
  1277 | D:2      | Reached XP level 4. HP: 18/29 MP: 4/4
  1398 | D:2      | Found a faded altar to an unknown god.
  1602 | D:2      | Reached skill level 7 in Stealth
  1661 | D:2      | Noticed Natasha
  1669 | D:2      | Killed Natasha
  1999 | D:2      | Gained mutation: Scrolls take you a little longer to read. [potion of mutation]
  1999 | D:2      | Gained mutation: You are weak. (Str -2) [potion of mutation]
  1999 | D:2      | Gained mutation: You are resistant to electric shocks. [potion of mutation]
  2169 | D:3      | Reached XP level 5. HP: 26/34 MP: 5/5
  2208 | D:3      | Found an ancient bone altar of Kikubaaqudgha.
  2403 | D:3      | Found a sacrificial altar of Ru.
  2404 | D:3      | Found a glowing silver altar of Zin.
  2769 | D:3      | Found a burning altar of Makhleb.
  2769 | D:3      | Noticed a cacodemon
  2773 | D:3      | Noticed a smoke demon
  2773 | D:3      | Noticed an orange demon
  3474 | D:3      | Noticed Turgon's ghost (weakling HEHu)
  3499 | D:3      | Killed Turgon's ghost
  3574 | D:4      | Found a shimmering altar of Xom.
  3575 | D:4      | Found a shimmering altar of Xom.
  3582 | D:4      | Found a shimmering altar of Xom.
  3582 | D:4      | Found a shimmering altar of Xom.
  3583 | D:4      | Found a shimmering altar of Xom.
  3583 | D:4      | Found a shimmering altar of Xom.
  3583 | D:4      | Found a shimmering altar of Xom.
  3584 | D:4      | Found a shimmering altar of Xom.
  3586 | D:4      | Found a shimmering altar of Xom.
  3614 | D:4      | Reached skill level 8 in Stealth
  3660 | D:4      | Slain by an orc

Skill      XL: |  1  2  3  4  5 |
---------------+----------------+-----
Stealth        | 6 7 8 |  8.1
Short Blades   | 3 4 |  4.2
Fighting       | |  2.0
Throwing       | |  2.0
Dodging        | |  1.0

Action                   |  1- 3 |  4- 6 || total
-------------------------+-------+-------++-------
Melee: Dagger            |    50 |   122 ||   172
       Constrict         |    12 |    30 ||    42
       Tentacles         |     5 |    12 ||    17
  Use: Potion            |       |    12 ||    12
       Scroll            |       |     5 ||     5
 Stab: Sleeping          |     7 |     6 ||    13
       Distracted        |       |     1 ||     1
  Eat: Chunk             |     1 |     5 ||     6
       Fruit             |       |     2 ||     2
Armor: Skin              |     4 |     9 ||    13
Dodge: Dodged            |    23 |    82 ||   105
